 Dungeon Crawl Stone Soup version 0.29.1-13-g9f3cf754e1 (webtiles) character file.

Game seed: 18112696942886910932

16758 sweetbreads the Geomancer (level 12, -10/74 HPs)
             Began as a Gargoyle Earth Elementalist on Jan 24, 2023.
             Was an Initiate of Gozag.
             Mangled by a quicksilver ooze (17 damage)
             ... in an ice cave.
             The game lasted 01:09:37 (13676 turns).

sweetbreads the Geomancer (GrEE)                   Turns: 13676, Time: 01:09:37

Health: -10/74     AC: 33    Str: 11    XL:     12   Next: 40%
Magic:  0/15       EV: 12    Int: 28    God:    Gozag
Gold:   917        SH:  0    Dex: 10    Spells: 3/15 levels left

rFire   . . .      SeeInvis .   a - +3 flail (protect)
rCold   + . .      Faith    .   (no shield)
rNeg    + . .      Spirit   .   V - +1 leather armour {rC+}
rPois   ∞          Reflect  .   (no helmet)
rElec   +          Harm     .   (no cloak)
rCorr   .          Rampage  .   U - +0 pair of gloves
Will    .....                   w - +1 pair of boots
Stlth   ++........              I - amulet of regeneration
HPRegen 1.02/turn               D - +4 ring of protection
MPRegen 0.14/turn               F - +6 ring of intelligence

@: mighty, ice-armoured (expiring), about to teleport, engulfed, gold aura,
under a protective aura
A: sickness immunity, AC +8, negative energy resistance 1, electricity
resistance, torment resistance 1, petrification resistance
a: Renounce Religion, Potion Petition, Call Merchant, Bribe Branch


You were in an ice cave.
You worshipped Gozag.
Gozag was pleased with you.
You visited 3 branches of the dungeon, and saw 13 of its levels.
You also visited: Ice Cave.

You collected 1964 gold pieces.
You spent 947 gold pieces at shops.
You paid 100 gold pieces to Gozag.

Inventory:

Hand Weapons
 a - a +3 flail of protection (weapon)
 b - a +2 dire flail of venom
 k - a -2 demon whip of venom
 x - the +5 trident "Paogenn" {holy, rN+}
   (You found it on level 10 of the Dungeon)

   It has been blessed by the Shining One to cause great damage to the undead
   and demons.
   rN:        It protects you from negative energy.
 K - a +2 whip of freezing
Missiles
 q - 19 poisoned darts
Armour
 l - a +2 kite shield of cold resistance
 w - a +1 pair of boots (worn)
 G - the +2 robe of Spite {rPois rC- rN+++ SInv}
   (You found it on level 5 of the Dungeon)

   rC:        It makes you vulnerable to cold.
   rPois:     It protects you from poison.
   rN:        It renders you almost immune to negative energy.
   SInv:      It lets you see invisible.
 O - a +0 robe of willpower
 U - a +0 pair of gloves (worn)
 V - a +1 leather armour of cold resistance (worn)
Magical Staves
 c - a staff of earth
Jewellery
 D - a +4 ring of protection (left hand)
 F - a +6 ring of intelligence (right hand)
 I - an amulet of regeneration (around neck)
 J - a ring of protection from fire
Wands
 i - a wand of digging (14)
 T - a wand of mindburst (7)
 X - a wand of charming (9)
Scrolls
 d - a scroll of identify
 f - a scroll of fear
 n - 2 scrolls of poison
 r - 5 scrolls of teleportation
 t - 2 scrolls of amnesia
 A - a scroll of summoning
 C - 3 scrolls of enchant armour
 M - a scroll of brand weapon
Potions
 h - 5 potions of berserk rage
 j - 3 potions of brilliance
 m - 3 potions of ambrosia
 u - a potion of flight
 B - 3 potions of curing
 E - a potion of invisibility
Miscellaneous
 s - a phial of floods


   Skills:
 * Level 8.2 Fighting
 - Level 4.0 Maces & Flails
 * Level 1.5 Armour
 - Level 4.0 Dodging
 - Level 4.0 Stealth
 - Level 0.2 Shields
 - Level 2.0 Spellcasting
 - Level 10.0 Conjurations
 * Level 4.2 Transmutations
 * Level 7.6 Ice Magic
 - Level 14.0 Earth Magic


You had 3 spell levels left.
You knew the following spells:

 Your Spells              Type           Power      Damage    Failure   Level
a - Sandblast             Erth           100%       2d20      1%          1
b - Stone Arrow           Conj/Erth      100%       3d13      1%          3
c - Petrify               Tmut/Erth      52%        N/A       2%          4
d - Freeze                Ice            100%       1d11      1%          1
e - Ozocubu's Armour      Ice            45%        N/A       1%          3

Your spell library contained the following spells:

 Spells                   Type           Power      Damage    Failure   Level
 Passwall                 Tmut/Erth      43%        N/A       1%          2
 Frozen Ramparts          Ice            90%        1d14      1%          3
 Mephitic Cloud           Conj/Pois/Air  21%        N/A       10%         3
 Ignite Poison            Fire/Tmut/Pois 10%        N/A       21%         3
 Hailstorm                Conj/Ice       51%        3d11      3%          4
 Animate Armour           Summ/Erth      84%        N/A       7%          4
 Iron Shot                Conj/Erth      31%        9d6       13%         6
 Borgnjor's Vile Clutch   Necr/Erth      21%        N/A       19%         5
 Irradiate                Conj/Tmut      21%        3d18      19%         5
 Freezing Cloud           Conj/Ice/Air   17%        6-21      30%         5
 Blade Hands              Tmut           13%        N/A       52%         5
 Metabolic Englaciation   Hex/Ice        12%        N/A       56%         5
 Alistair's Intoxication  Tmut/Pois      9%         N/A       80%         5
 Ozocubu's Refrigeration  Ice            22%        4d12      99%         7
 Eringya's Noxious Bog    Tmut/Pois      7%         N/A       100%        6
 Sublimation of Blood     Necr           Unusable   N/A       N/A         2
 Simulacrum               Ice/Necr       Unusable   N/A       N/A         6

Dungeon Overview and Level Annotations

Branches:
Dungeon (10/15)            Temple (1/1) D:6            Lair (2/5) D:8
  IceCv (1/1)
  Swamp: Lair:2-3    Shoals: Lair:2-3     Snake: Lair:2-3    Spider: Lair:2-3
    Orc: D:9-12

Altars:
Ashenzari
Cheibriados
Dithmenos
Elyvilon
Fedhas
Gozag
Hepliaklqana
Kikubaaqudgha
Makhleb
Nemelex Xobeh
Okawaru
Qazlal
Ru
Sif Muna
Uskayaw
Wu Jian
Xom
Yredelemnul
Zin
The Shining One

Shops:
D:1 (   D:3 (:   D:6 ?   D:8 *

Annotations:
D:7 Maggie


Innate Abilities, Weirdness & Mutations

You are immune to sickness and miasma.
Your stone body is resilient. (AC +8)
You are immune to poison.
You resist negative energy. (rN+)
You are resistant to electric shocks. (rElec)
You are resistant to unholy torment.
You are immune to petrification.


Message History

Unknown command.
You barely miss the quicksilver ooze.
The quicksilver ooze is lightly wounded.
The quicksilver ooze misses you.
The quicksilver ooze hits you but does no damage.
The quicksilver ooze closely misses you.
The quicksilver ooze hits you.
* * * LOW HITPOINT WARNING * * *
You feel much better. The quicksilver ooze hits you.
The quicksilver ooze completely misses you.
The quicksilver ooze is distracted by your dazzling golden aura.
Unknown command.
Unknown command.
The quicksilver ooze quivers.
You thump the quicksilver ooze!
Your weapon exudes an aura of protection.
The quicksilver ooze is no longer distracted by gold.
The quicksilver ooze is moderately wounded.
The quicksilver ooze barely misses you. x2; The quicksilver ooze hits you!
* * * LOW HITPOINT WARNING * * *
The quicksilver ooze hits you but does no damage.
Unknown command.
You hit the quicksilver ooze.
The quicksilver ooze is moderately wounded.
Your icy armour starts to melt.
The quicksilver ooze hits you.
* * * LOW HITPOINT WARNING * * *
The quicksilver ooze hits you but does no damage.
Unknown command.
You closely miss the quicksilver ooze.
The quicksilver ooze is moderately wounded.
The quicksilver ooze closely misses you.
The quicksilver ooze barely misses you. The quicksilver ooze hits you.
The quicksilver ooze hits you!
* * * LOW HITPOINT WARNING * * *
You feel your power leaking away.
As you read the scroll of teleportation, it crumbles to dust.
You feel strangely unstable. The quicksilver ooze hits you!
You die...
Your body crumbles into a pile of gold.

##. #.... #######......
######....@$.....#
###..........J....##
###.......###########
#.......### ###########
####....### #.........###
..###....### ###...........##
....###....###.....###......#
.#....##.........######.....#
.##....####....###..[###....#


You could see a quicksilver ooze.

Vanquished Creatures
  A quicksilver ooze (IceCv)
  A two-headed ogre (D:7)
  Amaemon (Lair:1)
  Pikel (D:7)
  3 black mambas (Lair:1)
  2 orange demons
  4 cane toads (Lair:1)
  An ice statue (IceCv)
  An unseen horror (D:10)
  A komodo dragon (Lair:1)
  A kobold demonologist (D:10)
  2 rime drakes (Lair:1)
  2 ice devils (Lair:2)
  Prince Ribbit (D:7)
  8 slime creatures (IceCv)
  7 yaks
  A shadow (D:10)
  A steam dragon (D:8)
  A basilisk (Lair:2)
  An acid dragon (D:9)
  6 water moccasins
  3 orc warriors
  A sky beast (D:7)
  A black bear (D:5)
  2 ice beasts
  2 ogres (D:7)
  6 wolves (Lair:1)
  2 great orb of eyes simulacra (IceCv)
  5 centaurs
  A lemure (D:8)
  2 slime creature simulacra (IceCv)
  A phantom (D:5)
  2 kobold brigands (D:9)
  4 bullfrogs
  A gnoll sergeant (D:5)
  2 necrophages (D:5)
  3 scorpions
  3 glowing shapeshifter simulacra (IceCv)
  14 wights
  6 killer bees (D:9)
  A howler monkey (D:7)
  5 hounds
  6 orc priests
  4 gnoll boudas
  3 jellies (D:5)
  3 iron imps (D:8)
  6 iguanas
  Natasha (thrice) (D:3)
  13 orc wizards
  26 gnolls
  8 adders
  4 shadow imps
  2 white imps (D:5)
  2 ufetubi
  2 worms
  A dart slug (D:5)
  20 orcs
  4 endoplasms
  2 giant cockroaches
  4 goblins
  8 hobgoblins
  A jackal (D:5)
  5 quokkas
  8 ball pythons
  5 bats
  2 frilled lizards
  14 kobolds
  3 rats
273 creatures vanquished.

Vanquished Creatures (collateral kills)
  A yak (D:10)
  An orc wizard (D:10)
  3 orcs (D:10)
5 creatures vanquished.

Vanquished Creatures (others)
  5 fungi
  22 plants
27 creatures vanquished.

Grand Total: 305 creatures vanquished

Notes
Turn   | Place    | Note
-------+----------+-------------------------------------------
     0 | D:1      | sweetbreads the Gargoyle Earth Elementalist began the quest
                  | for the Orb.
     0 | D:1      | Reached XP level 1. HP: 10/10 MP: 3/3
   253 | D:1      | Reached skill level 4 in Earth Magic
   352 | D:1      | Reached XP level 2. HP: 15/15 MP: 0/5
   453 | D:1      | Found Jorena Yqou's Weapon Boutique.
   545 | D:2      | Reached XP level 3. HP: 12/19 MP: 3/6
   551 | D:1      | Learned a level 3 spell: Stone Arrow
   913 | D:1      | Reached skill level 5 in Earth Magic
  1068 | D:2      | Reached XP level 4. HP: 24/24 MP: 5/7
  2033 | D:3      | Noticed Natasha
  2036 | D:3      | Killed Natasha
  2037 | D:3      | Reached XP level 5. HP: 25/28 MP: 5/8
  2044 | D:3      | Noticed Natasha
  2048 | D:3      | Killed Natasha
  2049 | D:3      | Reached skill level 6 in Earth Magic
  2484 | D:3      | Noticed Natasha
  2486 | D:3      | Killed Natasha
  2518 | D:3      | Found a shadowy altar of Dithmenos.
  2550 | D:3      | Reached skill level 1 in Fighting
  2780 | D:3      | Found Irain's Book Shoppe.
  2846 | D:3      | Found a hazy altar of Hepliaklqana.
  2849 | D:3      | Found a faded altar of an unknown god.
  2852 | D:3      | Reached XP level 6. HP: 28/34 MP: 6/9
  3045 | D:3      | Found Ganal's Weapon Shop.
  3373 | D:4      | Reached skill level 1 in Conjurations
  3426 | D:4      | Noticed an ice beast
  3433 | D:4      | Killed an ice beast
  3434 | D:4      | Reached skill level 7 in Earth Magic
  3792 | D:4      | Reached XP level 7. HP: 40/40 MP: 6/10
  3851 | D:5      | Entered Level 5 of the Dungeon
  3861 | D:4      | Reached skill level 8 in Earth Magic
  4204 | D:5      | Found a glowing silver altar of Zin.
  4850 | D:5      | Reached skill level 9 in Earth Magic
  4850 | D:5      | Reached XP level 8. HP: 45/45 MP: 5/11
  5522 | D:5      | Reached skill level 10 in Earth Magic
  5814 | D:5      | Identified the +2 robe of Spite {rPois rC- rN+++ SInv}
  5975 | D:6      | Found a blossoming altar of Fedhas.
  6033 | D:6      | Reached XP level 9. HP: 52/52 MP: 10/12
  6127 | D:5      | Reached skill level 11 in Earth Magic
  6235 | D:6      | Found a staircase to the Ecumenical Temple.
  6240 | Temple   | Entered the Ecumenical Temple
  6293 | Temple   | Became a worshipper of Gozag Ym Sagoz the Greedy
  6378 | D:6      | Learned a level 4 spell: Petrify
  6551 | D:6      | Found Nupterul's Magic Scroll Emporium.
  6559 | D:6      | Bought a scroll of enchant armour for 97 gold pieces
  6566 | D:6      | Reached skill level 1 in Transmutations
  6669 | D:7      | Noticed Prince Ribbit
  6704 | D:7      | Found a shimmering blue altar of Sif Muna.
  6723 | D:7      | Noticed a two-headed ogre
  6732 | D:7      | Killed a two-headed ogre
  6733 | D:7      | Reached skill level 12 in Earth Magic
  7300 | D:7      | Killed Prince Ribbit
  7301 | D:7      | Reached skill level 5 in Conjurations
  7483 | D:7      | Noticed Pikel
  7575 | D:8      | Found a stormy altar of Qazlal.
  7595 | D:8      | Found a glowing golden altar of the Shining One.
  7826 | D:7      | Reached XP level 10. HP: 56/56 MP: 10/13
  7923 | D:7      | Reached skill level 13 in Earth Magic
  8038 | D:7      | Killed Pikel
  8288 | D:7      | Noticed Maggie
  8564 | D:8      | Found a snail-covered altar of Cheibriados.
  8586 | D:8      | Found Xaogg's Assorted Antiques.
  8593 | D:8      | Learned a level 1 spell: Freeze
  8597 | D:8      | Bought a scroll labelled SEOQ IPTIJU for 26 gold pieces
  8597 | D:8      | Bought a scroll labelled EHUELA ZEYGHIVAS for 26 gold
                  | pieces
  8597 | D:8      | Bought a scroll labelled EHUELA ZEYGHIVAS for 26 gold
                  | pieces
  8597 | D:8      | Bought a scroll labelled EHUELA ZEYGHIVAS for 26 gold
                  | pieces
  8597 | D:8      | Bought a scroll labelled XONYMI POBLI for 26 gold pieces
  8688 | D:8      | Found an iron altar of Okawaru.
  9074 | D:8      | Found a staircase to the Lair.
  9245 | D:8      | Found a burning altar of Makhleb.
  9527 | D:9      | Reached skill level 14 in Earth Magic
  9574 | D:9      | Reached skill level 1 in Maces & Flails
  9574 | D:9      | Reached skill level 1 in Ice Magic
 10411 | D:10     | Entered Level 10 of the Dungeon
 10416 | D:10     | Noticed a kobold demonologist
 10434 | D:9      | Reached skill level 5 in Fighting
 10558 | D:10     | Noticed a kobold demonologist
 10560 | D:10     | Killed a kobold demonologist
 10561 | D:10     | Reached XP level 11. HP: 63/63 MP: 9/14
 10642 | D:10     | Identified the +5 trident "Paogenn" {holy, rN+}
 11161 | Lair:1   | Entered Level 1 of the Lair of Beasts
 11214 | D:8      | Learned a level 3 spell: Ozocubu's Armour
 11442 | D:3      | Bought a book of Winter for 340 gold pieces
 11442 | D:3      | Bought Great Wizards, Vol. II for 380 gold pieces
 11896 | Lair:1   | Noticed Amaemon
 11906 | Lair:1   | Killed Amaemon
 11907 | Lair:1   | Reached skill level 5 in Ice Magic
 12774 | Lair:2   | Reached XP level 12. HP: 73/73 MP: 11/15
 12889 | Lair:2   | Found a frozen archway.
 12934 | IceCv    | Entered an ice cave
 13033 | IceCv    | Noticed a quicksilver ooze
 13377 | IceCv    | Killed a quicksilver ooze
 13378 | IceCv    | Reached skill level 10 in Conjurations
 13563 | IceCv    | Reached skill level 1 in Armour
 13645 | IceCv    | Noticed a quicksilver ooze
 13676 | IceCv    | Mangled by a quicksilver ooze

Illustrated notes

Levels and vault maps discovered:
D:1:      spicycebolla_arrival_ecumenical, layout_loops_ring, serial_shops,
          nicolae_shop_hallway_stairs, moated_statue, minmay_misc_feat_enclosed
D:2:      layout_loops_ring, chequers_decorated_corner,
          minmay_misc_feat_ornament
D:3:      layout_loops_ring, beargit_hepliaklqana_dungeon_heroes,
          mainiacjoe_overflow_catwalk, serial_shops,
          nicolae_shop_bloodbath_and_beyond, shop_statue, minmay_surrounded,
          uniq_natasha
D:4:      layout_loops_cross, roderic_lattice_a
D:5:      minmay_octagon_keep, layout_cave_pools, mainiacjoe_overflow_alcove_2,
          nicolae_concentric_dashed_squares_mild, minivault_26, minmay_holes,
          corexii_corridor_pit, chequers_serial_rivers_micro_a
D:6:      layout_basic, mainiacjoe_overflow_chevrons,
          minmay_temple_entry_arrows, serial_shops, nicolae_shop_hallway_plus
D:7:      layout_basic, old_standard_altar, moated_statue,
          kennysheep_generic_room_9, uniq_prince_ribbit1, uniq_pikel,
          uniq_maggie
D:8:      layout_basic, mainiacjoe_overflow_alcove_4,
          mainiacjoe_overflow_cross_hatched, nicolae_overflow_hidden_temple,
          demons_altar, mainiacjoe_overflow_tiny_flanked, serial_shops,
          nicolae_shop_overgrown_old_shop, minmay_misc_feat_x
D:9:      layout_stronghold, david_defended_altar_orc
D:10:     kennysheep_blocky_hall, layout_rooms,
          mainiacjoe_overflow_small_starburst, mainiacjoe_overflow_paths,
          minmay_beelzebubs_servants
Temple:   eino_wide_crystal_templ
Lair:1:   layout_loops_ring, wad_woods_river_03, grunt_megastairs_5,
          uniq_amaemon
Lair:2:   layout_long_grid, portal_ice_cave_demonic_guard, serial_bayou_shore_a
IceCv:    ice_cave_hellmonk_azure_passage

Skill      XL: |  1  2  3  4  5  6  7  8  9 10 11 12 |
---------------+-------------------------------------+-----
Earth Magic    | 4 5 6 7 9 10 12 14 | 14.0
Dodging        | 2 3 4 |  4.0
Stealth        | 3 4 |  4.0
Fighting       | 1 2 4 5 7 8 |  8.2
Conjurations   | 1 2 3 5 6 9 10 | 10.0
Transmutations | 2 4 |  4.2
Maces & Flails | 2 4 |  4.0
Ice Magic      | 2 6 7 |  7.6
Armour         | 1 |  1.5
Shields        | |  0.2
Spellcasting   | |  2.0

Action                   |  1- 3 |  4- 6 |  7- 9 | 10-12 || total
-------------------------+-------+-------+-------+-------++-------
Melee: Whip              |     1 |       |       |       ||     1
       Short sword       |       |       |     4 |       ||     4
       Staff             |       |       |     4 |       ||     4
       Flail             |       |       |       |    51 ||    51
 Cast: Sandblast         |    32 |    75 |   146 |   281 ||   534
       Stone Arrow       |       |       |     1 |    22 ||    23
       Ozocubu's Armour  |       |       |       |     3 ||     3
  Use: Scroll            |       |       |       |    27 ||    27
       Potion            |       |       |       |     6 ||     6
Armor: Robe              |     8 |     8 |    45 |    65 ||   126
       Leather armour    |       |       |       |    53 ||    53
       Skin              |       |       |       |     5 ||     5
Dodge: Dodged            |    14 |    17 |    44 |   154 ||   229
Block: Kite shield       |       |       |       |     3 ||     3
